 Dungeon Crawl Stone Soup version 0.22-a0-480-g991dd4b (webtiles) character file.

227 galech the Skirmisher (level 6, -8/66 HPs)
             Began as an Ogre Berserker on June 15, 2018.
             Was a Priest of Trog.
             Mangled by an orc
             ... wielding a +0 war axe
              (11 damage)
             ... on level 3 of the Dungeon.
             The game lasted 00:04:38 (3510 turns).

galech the Skirmisher (Ogre Berserker)              Turns: 3510, Time: 00:04:38

Health: -8/66      AC:  3    Str: 24    XL:     6   Next: 2%
Magic:  6/6        EV: 11    Int:  8    God:    Trog [***...]
Gold:   104        SH:  0    Dex:  8    Spells: 5/5 levels left

rFire    . . .     SeeInvis .   a - +0 mace
rCold    . . .     Gourm    +   (no shield)
rNeg     . . .     Faith    .   b - +0 animal skin
rPois    .         Spirit   .   (helmet restricted)
rElec    .         Reflect  .   (no cloak)
rCorr    .         Harm     .   (gloves unavailable)
MR       .....                  (boots unavailable)
Stlth    +.........             i - amulet of the gourmand
HPRegen  0.21/turn              (no ring)
MPRegen  0.10/turn              (no ring)

@: no status effects
A: large, unfitting armour, tough skin 1
a: Berserk, Trog's Hand, Renounce Religion


You were on level 3 of the Dungeon.
You worshipped Trog.
Trog was most pleased with you.
You were very full.

You visited 1 branch of the dungeon, and saw 3 of its levels.

You collected 104 gold pieces.

Inventory:

Hand Weapons
 a - a +0 mace (weapon)
Armour
 b - a +0 animal skin (worn)
Jewellery
 i - an amulet of the gourmand (around neck)
Scrolls
 d - 5 scrolls of identify {unknown}
 e - 3 scrolls of teleportation {unknown}
 g - a scroll of remove curse {unknown}
 h - 2 scrolls of amnesia {unknown}
 k - 2 scrolls of immolation {unknown}
Potions
 f - a potion of ambrosia {unknown}
 j - a potion of cancellation {unknown}
 l - a potion of curing {unknown}
 m - a potion of magic {unknown}
 n - 2 potions of mutation {unknown}
 o - a potion of haste {unknown}
Comestibles
 c - 3 rations
 p - 5 chunks of flesh


   Skills:
 + Level 5.1 Fighting
 + Level 4.5 Maces & Flails
 + Level 4.0 Dodging
 + Level 0.5 Stealth


You had 5 spell levels left.
You didn't know any spells.
Your spell library was empty.

Dungeon Overview and Level Annotations

Branches:
Dungeon (3/15)

Altars:
Dithmenos
Elyvilon
Yredelemnul


Innate Abilities, Weirdness & Mutations

You are too large for most types of armour.
You have tough skin. (AC +1)


Message History

You hit the orc but do no damage. The orc hits you with a war axe.
* * * LOW HITPOINT WARNING * * *
You hit the orc.
The orc is moderately wounded.
The orc misses you.
You barely miss the orc.
The orc is moderately wounded.
The orc hits you with a war axe.
* * * LOW HITPOINT WARNING * * *
You closely miss the orc.
The orc is moderately wounded.
The orc hits you but does no damage.
You hit the orc.
The orc is almost dead.
The orc hits you with a war axe!
* * * LOW HITPOINT WARNING * * *
You hit the orc but do no damage.
The orc is almost dead.
The orc hits you with a war axe!
You die...

P#......#. ##....... #...###.
#... .. # ### ######## ##+#
#. #. #.# #.#...#. .. #.. #.#
#.#...#.
#[..#+###.###.#...#.## #
#.........).@)....#..# .#
#........####o...###.#####'##
###......# #>...# #.........
#.)....# #....# #........#
........####....###........#
.........##.........##.######
..........##.........##.#
..........##.........##.#
#...).....##.#


You could see an orc.

Vanquished Creatures
  An orc priest (D:3)
  Terence (D:3)
  3 gnolls (D:2)
  4 adders
  A worm (D:2)
  7 dart slugs
  A leopard gecko (D:2)
  12 orcs (D:3)
  5 bats
  2 giant cockroaches
  6 goblins
  13 hobgoblins
  5 jackals (D:1)
  6 kobolds
  A quokka (D:3)
  5 frilled lizards
  7 rats
80 creatures vanquished.

Notes
Turn   | Place    | Note
-------+----------+-------------------------------------------
     0 | D:1      | galech the Ogre Berserker began the quest for the Orb.
     0 | D:1      | Reached XP level 1. HP: 24/24 MP: 1/1
    72 | D:1      | Reached XP level 2. HP: 5/32 MP: 2/2
   790 | D:1      | Reached XP level 3. HP: 40/40 MP: 3/3
  1381 | D:2      | Reached ** piety under Trog
  1385 | D:2      | HP: 1/40 [hobgoblin/club (5)]
  1404 | D:1      | Reached XP level 4. HP: 10/49 MP: 4/4
  1934 | D:2      | Found a white marble altar of Elyvilon.
  2512 | D:2      | Reached XP level 5. HP: 34/55 MP: 5/5
  2818 | D:3      | Found a basalt altar of Yredelemnul.
  3066 | D:3      | Reached skill level 5 in Fighting
  3075 | D:3      | Reached *** piety under Trog
  3107 | D:3      | Found a shadowy altar of Dithmenos.
  3113 | D:3      | Noticed Terence
  3121 | D:3      | Killed Terence
  3503 | D:3      | Reached XP level 6. HP: 23/66 MP: 6/6
  3509 | D:3      | HP: 3/66 [orc/war axe (9)]
  3510 | D:3      | Mangled by an orc

Vault maps used:
D:1:      matt_arrival_spirals, corexii_item_surrounded_by_moat,
          dk_noncrumbling_3
D:2:      overflow_temple_1_default
D:3:      cheibrodos_helix_gallery, lemuel_round_altar,
          nicolae_dithmenos_shadow_blocks, lexackson_kobold_supper, uniq_terence

Skill      XL: |  1  2  3  4  5 |
---------------+----------------+-----
Dodging        | 3 4 |  4.0
Maces & Flails | 3 4 |  4.5
Fighting       | 5 |  5.1
Stealth        | |  0.5

Action                   |  1- 3 |  4- 6 || total
-------------------------+-------+-------++-------
Melee: Mace              |    97 |   196 ||   293
Invok: Berserk           |     2 |     5 ||     7
       Trog's Hand       |     1 |     1 ||     2
  Eat: Chunk             |     3 |    32 ||    35
Armor: Animal skin       |    46 |    45 ||    91
Dodge: Dodged            |    71 |   119 ||   190

Table legend:
 A = Spawn XP
 B = Non-spawn XP
 C = Spawn XP percentage of total XP
 D = Spawn monster count
 E = Non-spawn monster count
 F = Spawn count percentage of total count
 G = Total turns spent on level
                    A         B        C        D         E        F      G
               +---------+---------+-------+---------+---------+-------+---------
         Total |       0 |     325 |   0.0 |       0 |      80 |   0.0 |  3510
               +---------+---------+-------+---------+---------+-------+---------
           D:1 |       0 |      47 |   0.0 |       0 |      22 |   0.0 |  1609
           D:2 |       0 |     128 |   0.0 |       0 |      29 |   0.0 |  1190
           D:3 |       0 |     150 |   0.0 |       0 |      29 |   0.0 |   711
               +---------+---------+-------+---------+---------+-------+---------
